 Dungeon Crawl Stone Soup version 0.18-a0-1577-gf591c28 (webtiles) character file.

53 Duffy the Insei (level 3, 0/20 HPs)
             Began as a Tengu Transmuter on Mar 21, 2016.
             Succumbed to an adder's poison
             ... on level 2 of the Dungeon.
             The game lasted 00:01:27 (1492 turns).

Duffy the Insei (Tengu Transmuter)                  Turns: 1492, Time: 00:01:27

Health: 0/20       AC:  2    Str: 10    XL:     3   Next: 89%
Magic:  7/7        EV: 12    Int: 13    God:
Gold:   72         SH:  0    Dex: 15    Spells: 2 memorised, 2 levels left

rFire  . . .     SeeInvis .       - Unarmed
rCold  . . .     Gourm    .     b - +0 robe
rNeg   . . .     Faith    .     (no shield)
rPois  .         Spirit   .     (helmet restricted)
rElec  .         Dismiss  .     (no cloak)
rCorr  .         Reflect  .     (no gloves)
SustAt .         Harm     .     (boots unavailable)
MR     .....                    (no amulet)
Stlth  +.........               (no ring)
                                (no ring)

@: lethally poisoned (0 -> -13), not resistant to hostile enchantments, very
unstealthy
A: beak, talons 3
a: no special abilities


You were on level 2 of the Dungeon.
You were hungry.

You visited 1 branch of the dungeon, and saw 2 of its levels.

You collected 72 gold pieces.


Innate Abilities, Weirdness & Mutations

You have a beak for a mouth.
You have claws for feet.


   Skills:
 - Level 1.0 Fighting
 - Level 2.1 Dodging
 - Level 4.5 Unarmed Combat
 - Level 2.0 Spellcasting
 + Level 1.9 Transmutations
 + Level 1.2 Poison Magic


You had 2 spell levels left.
You knew the following spells:

 Your Spells              Type           Power        Failure   Level  Hunger
a - Beastly Appendage     Trmt           #.....       14%         1    ##.....
l - Spider Form           Trmt/Pois      #.........   38%         3    ####...

Inventory:

Missiles
 a - 29 arrows
 g - 38 poisoned needles
 m - a throwing net (quivered)
Armour
 b - a +0 robe (worn)
Jewellery
 j - a cursed ring of loudness {unknown}
Scrolls
 i - a scroll of random uselessness {unknown}
 k - a scroll of blinking {unknown}
 n - a scroll of identify {unknown}
 o - 3 scrolls of amnesia {unknown}
Potions
 e - 2 potions of curing {unknown}
 f - a potion of heal wounds {unknown}
 h - a potion of cure mutation {unknown}
 l - a potion of berserk rage {unknown}
Books
 c - a book of Changes
Comestibles
 d - 3 bread rations

Dungeon Overview and Level Annotations

Branches:
Dungeon (2/15)

Altars:


Message History

You are too injured to fight recklessly!
You are too injured to fight recklessly!
You are too injured to fight recklessly!
You are too injured to fight recklessly!
You are too injured to fight recklessly!
You are too injured to fight recklessly!
You are too injured to fight recklessly!
You are too injured to fight recklessly!
You are too injured to fight recklessly!
You are too injured to fight recklessly!
You are too injured to fight recklessly!
You are too injured to fight recklessly!
You are too injured to fight recklessly!
You are too injured to fight recklessly!
You are too injured to fight recklessly!
You are too injured to fight recklessly!
You are too injured to fight recklessly!
You closely miss the adder.
The adder is moderately wounded.
You feel sick. The adder barely misses you.
You miss the adder. Your kick misses the adder.
The adder is moderately wounded.
The adder closely misses you.
You closely miss the adder. Your kick misses the adder. You peck the adder.
The adder is severely wounded.
You feel sick. The adder bites you.
You are more poisoned.
The adder poisons you!
You closely miss the adder.
The adder is severely wounded.
You feel sick. The adder bites you but does no damage.
You completely miss the adder. Your kick misses the adder. You peck the adder.
You kill the adder!
You feel sick.
You die...

...##...#.#.# #####...##.#######.
....#.%.#.#.# #...#.###.#######.
........#.#.####...#.# #.........
...##.#.#.#........#.############
...##.#.#.###.....)...# #
......#.#.............# #
.##.###.#####.........# #
.##.###.# ####...#### # ........#
#@..# .##.##### #...# .##.# ...##
....# #.### .#### #. ..... #.
##### #. #.


There were no monsters in sight!

Action                   || total
-------------------------++-------
Melee: Unarmed           ||   109
 Stab: Sleeping          ||     3
  Eat: Chunk             ||     1

Notes
Turn   | Place    | Note
--------------------------------------------------------------
     0 | D:1      | Duffy the Tengu Transmuter began the quest for the Orb.
     0 | D:1      | Reached XP level 1. HP: 12/12 MP: 4/4
    39 | D:1      | Reached XP level 2. HP: 4/16 MP: 6/6
   283 | D:1      | Reached skill level 4 in Unarmed Combat
   838 | D:1      | Reached XP level 3. HP: 20/20 MP: 7/7
   914 | D:1      | Learned a level 3 spell: Spider Form
  1445 | D:2      | Reached skill level 1 in Poison Magic
  1492 | D:2      | Succumbed to an adder's poison

Vault maps used:
D:1:      minmay_arrival_checkered_box, roderic_curled_sauvastika,
          minmay_misc_feat_four_crosses, item_on_display_a
D:2:      first_bread

Vanquished Creatures
  An adder
  An ooze
  2 giant geckos
  A ball python
  7 bats
  2 giant cockroaches
  2 goblins
  5 hobgoblins
  4 jackals
  4 kobolds
  5 rats
34 creatures vanquished.
